 Dungeon Crawl Stone Soup version 0.30-a0-930-gb9d0489357 (webtiles) character file.

Game seed: 12411238381869528534

20522 cforsyth the Summoner (level 12, 0/123 HPs)
             Began as an Ogre Summoner on Mar 24, 2023.
             Was an Initiate of Gozag.
             Slain by a blink frog (14 damage)
             ... on level 1 of the Lair of Beasts.
             The game lasted 00:47:24 (17766 turns).

cforsyth the Summoner (Ogre Summoner)              Turns: 17766, Time: 00:47:24

Health: 0/123      AC:  8    Str: 15    XL:     12   Next: 80%
Magic:  21/28      EV: 12    Int: 26    God:    Gozag
Gold:   872        SH:  0    Dex: 12    Spells: 17/35 levels left

rFire   + + .      SeeInvis .    d - +7 hand axe "Beastbane" {freeze, rC+ Dex+3 Stlth+}
rCold   + . .      Faith    .    (no shield)
rNeg    . . .      Spirit   .    H - +2 robe {rF+}
rPois   .          Reflect  .    J - +2 hat
rElec   .          Rampage  .    s - +0 cloak
rCorr   .                        (gloves unavailable)
Will    +....                    (boots unavailable)
Stlth   +++                      (no amulet)
HPRegen 0.40/turn                g - ring of protection from fire
MPRegen 0.21/turn                r - +6 ring of intelligence

@: no status effects
A: large, unfitting armour, tough skin 1
a: Renounce Religion, Potion Petition, Call Merchant, Bribe Branch


You were on level 1 of the Lair of Beasts.
You worshipped Gozag.
Gozag was pleased with you.
You visited 3 branches of the dungeon, and saw 14 of its levels.
You also visited: Sewer and Ossuary.

You collected 2859 gold pieces.
You spent 546 gold pieces at shops.
You paid 1441 gold pieces to Gozag.

Inventory:

Hand Weapons
 d - the +7 hand axe "Beastbane" (weapon) {freeze, rC+ Dex+3 Stlth+}
   (You found it on level 2 of the Dungeon)

   Dex:       It affects your dexterity (+3).
   rC:        It protects you from cold.
   Stlth:     It makes you more stealthy.
Missiles
 n - 2 throwing nets
Armour
 a - a +1 robe
 s - a +0 cloak (worn)
 H - a +2 robe of fire resistance (worn)
 J - a +2 hat (worn)
Jewellery
 g - a ring of protection from fire (left hand)
 j - a ring of fire
 r - a +6 ring of intelligence (right hand)
 D - a +6 ring of strength
 G - an amulet of regeneration
Wands
 q - a wand of paralysis (5)
 B - a wand of flame (30)
 I - a wand of roots (5)
 K - a wand of light (3)
Scrolls
 f - 5 scrolls of fear
 k - 6 scrolls of identify
 t - 2 scrolls of immolation
 v - a scroll of summoning
 w - 3 scrolls of amnesia
 x - a scroll of vulnerability
 y - 3 scrolls of teleportation
 z - 2 scrolls of brand weapon
 C - 3 scrolls of enchant armour
 L - a scroll of blinking
 M - a scroll of fog
 N - 2 scrolls of magic mapping
 O - a scroll of silence
Potions
 b - 3 potions of magic
 c - 2 potions of resistance
 e - 5 potions of brilliance
 h - 2 potions of ambrosia
 i - 7 potions of curing
 l - 5 potions of heal wounds
 m - 3 potions of haste
 o - 2 potions of invisibility
 p - 4 potions of mutation
 u - 3 potions of lignification
 A - 2 potions of might
 E - 2 potions of cancellation
 F - 2 potions of flight


   Skills:
 + Level 9.0 Fighting
 + Level 7.3 Dodging
 - Level 3.1 Stealth
 - Level 12.0 Spellcasting
 - Level 4.0 Hexes
 + Level 12.3 Summonings
 - Level 4.0 Air Magic


You had 17 spell levels left.
You knew the following spells:

 Your Spells              Type           Power      Damage    Failure   Level
a - Summon Small Mammal   Summ           100%       N/A       1%          1
b - Call Imp              Summ           68%        N/A       1%          2
c - Call Canine Familiar  Summ           68%        N/A       1%          3
d - Summon Guardian Gole  Hex/Summ       55%        N/A       1%          3
e - Summon Lightning Spi  Summ/Air       55%        N/A       1%          4
f - Summon Forest         Summ/Tloc      23%        N/A       9%          5

Your spell library contained the following spells:

 Spells                   Type           Power      Damage    Failure   Level
 Slow                     Hex            100%       N/A       1%          1
 Ensorcelled Hibernation  Hex/Ice        52%        N/A       2%          2
 Poisonous Vapours        Pois/Air       52%        N/A       2%          2
 Confusing Touch          Hex            36%        N/A       2%          3
 Freeze                   Ice            60%        1d7       3%          1
 Magic Dart               Conj           60%        1d6       3%          1
 Cigotuvi's Dreadful Rot  Necr/Pois/Air  44%        N/A       3%          2
 Animate Armour           Summ/Erth      94%        N/A       3%          4
 Searing Ray              Conj           30%        2d5       5%          2
 Mephitic Cloud           Conj/Pois/Air  22%        N/A       6%          3
 Frozen Ramparts          Ice            30%        1d5       11%         3
 Hailstorm                Conj/Ice       15%        3d5       11%         3
 Spider Form              Tmut/Pois      15%        N/A       11%         3
 Vampiric Draining        Necr           15%        2d7       11%         3
 Anguish                  Hex/Necr       13%        N/A       16%         4
 Fulminant Prism          Conj/Hex       13%        3d8       16%         4
 Leda's Liquefaction      Hex/Erth       13%        N/A       16%         4
 Summon Hydra             Summ           34%        N/A       21%         7
 Fireball                 Conj/Fire      7%         3d5       71%         5
 Lee's Rapid Deconstruct  Erth           7%         3d7*      71%         5
 Eringya's Noxious Bog    Tmut/Pois      7%         N/A       99%         6
 Statue Form              Tmut/Erth      10%        N/A       99%         6


Dungeon Overview and Level Annotations

Branches:
Dungeon (12/15)            Temple (1/1) D:5            Lair (1/5) D:8
    Orc (0/2) D:9           Sewer (visited)         Ossuary (visited)

Altars:
Ashenzari
Cheibriados
Dithmenos
Elyvilon
Fedhas
Gozag
Hepliaklqana
Makhleb
Nemelex Xobeh
Okawaru
Qazlal
Ru
Uskayaw
Vehumet
Wu Jian
Xom
Yredelemnul
Zin
The Shining One

Shops:
D:7 *   D:11 (!   Lair:1 :*

Portals:
Abyss: D:3

Annotations:
D:3 2 transporters, sjgraves's ghost, amateur DsGl


Innate Abilities, Weirdness & Mutations

You are too large for most types of armour.
You have tough skin. (AC +1)


Message History

You are too injured to fight recklessly!
You are too injured to fight recklessly!
You are too injured to fight recklessly!
You are too injured to fight recklessly!
You are too injured to fight recklessly!
The blink frog attacks as you move away!
The blink frog misses you.
The blink frog attacks as you move away!
The blink frog closely misses you.
The blink frog is no longer moving slowly.
The blink frog blinks!
The blink frog attacks as you move away!
The blink frog hits you!
* * * LOW HITPOINT WARNING * * *
Unknown command.
The blink frog attacks as you move away!
The blink frog hits you.
* * * LOW HITPOINT WARNING * * *
The blink frog hits you but does no damage.
Unknown command.
The blink frog attacks as you move away!
The blink frog completely misses you.
Unknown command.
Casting: Call Canine Familiar (safe; 1% risk of failure)
Confirm with . or Enter, or press ? or * to list all spells.
The blink frog blinks! x2
You swap places.
The blink frog blinks!
The blink frog misses your warg.
You closely miss the blink frog.
The blink frog is severely wounded.
The blink frog hits your warg.
Your warg bites the blink frog!
The blink frog hits you!
* * * LOW HITPOINT WARNING * * *
The blink frog blinks!
Your warg misses the blink frog.
Unknown command.
You swap places.
The blink frog hits you but does no damage.
A blink frog comes into view.
The blink frog hits you!
You die...
Your body crumbles into a pile of gold.

....~~...........###+###.#.#
.............###.........###
.......$.....##...##.###...#
......[.$....###........#..#
...?##.$...### #..###.##.#.#
......#$$.## #........#.#.
.........$# #.#.####..#.#
.....F....######..####....#.
...........@h.#...#........#
..######.###F.FF.##..##.####
.. ### ##....#.#.#.##.##
##.#.####.#...##
#.#.#.......#.#
#.#.#.#..###...
#...........##.
#..............
###.###.###.###


You could see 4 blink frogs and a friendly warg (summoned).

Vanquished Creatures
  A kobold demonologist (D:11)
  A water moccasin (D:7)
  A sky beast (D:7)
  A wolf (Lair:1)
  6 centaurs (D:12)
  A howler monkey (D:5)
  An electric eel (D:11)
  2 hounds (D:5)
  An orc priest (D:11)
  A sleepcap (D:6)
  3 iguanas (D:6)
  An orc wizard (D:10)
  2 gnolls
  7 adders
  A river rat (D:3)
  An adder zombie (Ossuary)
  2 worms (D:3)
  2 orcs
  3 ball pythons
  7 endoplasms
  3 giant cockroaches
  3 goblins
  3 hobgoblins
  3 jackals (D:1)
  3 quokkas
  7 bats
  A frilled lizard (D:3)
  A goblin zombie (Ossuary)
  2 kobolds
  5 rats
  A rat zombie (Ossuary)
77 creatures vanquished.

Vanquished Creatures (collateral kills)
  Snorg (D:10)
  Erolcha (D:11)
  Nergalle (D:11)
  A deep elf pyromancer (D:12)
  2 cyclopes
  Maurice (D:8)
  3 unseen horrors
  A kobold demonologist (D:7)
  A cane toad (Lair:1)
  A komodo dragon (Lair:1)
  2 trolls
  Prince Ribbit (D:6)
  3 slime creatures (D:12)
  3 wyverns
  A human (D:9)
  A water elemental (D:11)
  3 yaks (D:9)
  A vampire mosquito (D:12)
  2 steam dragons
  A warg (D:9)
  2 acid dragons
  2 water moccasins (Lair:1)
  A sky beast (D:7)
  An ogre (D:6)
  2 orc warriors
  A black bear (D:6)
  3 wolves (Lair:1)
  7 centaurs
  2 elf zombies (Ossuary)
  2 kobold brigands
  4 bullfrogs
  2 gnoll sergeants
  3 scorpions (D:6)
  An electric eel (Lair:1)
  3 howler monkeys
  3 centaur zombies (Ossuary)
  5 hounds
  4 jellies
  2 human zombies (Ossuary)
  13 orc priests
  18 orc wizards
  2 hell rats (Lair:1)
  3 mummies (Ossuary)
  9 gnolls
  A river rat (D:3)
  7 adders
  4 adder zombies (Ossuary)
  2 dart slugs
  40 orcs
  7 ball pythons
  4 bats (D:1)
  16 endoplasms
  5 giant cockroaches
  2 gnoll zombies (Ossuary)
  3 goblins
  5 hobgoblins
  A jackal (D:1)
  2 quokkas
  2 frilled lizards (Sewer)
  3 goblin zombies
  4 hobgoblin zombies (Ossuary)
  4 jackal zombies (Ossuary)
  14 kobolds
  3 kobold zombies (Ossuary)
  An orc zombie (Ossuary)
  2 quokka zombies (Ossuary)
  5 rats
  3 rat zombies
  A butterfly (D:5)
267 creatures vanquished.

Vanquished Creatures (others)
  Harold (D:11)
  2 hydras (Lair:1)
  A two-headed ogre (D:12)
  2 ugly things
  A gargoyle (D:11)
  A cane toad (Lair:1)
  A black mamba (Lair:1)
  Maggie (D:10)
  A polar bear (Lair:1)
  A troll (D:10)
  A hornet (D:8)
  A wyvern (Lair:1)
  Grum (D:8)
  3 vampire mosquitoes (D:12)
  2 steam dragons (D:8)
  Menkaure (D:7)
  An acid dragon (D:9)
  An orc warrior (D:6)
  An ice beast (D:7)
  2 black bears
  4 wolves (D:8)
  A centaur (D:10)
  An elf zombie (Ossuary)
  A gnoll sergeant (D:10)
  A kobold brigand (D:7)
  2 hell rats (Lair:1)
  7 gnolls
  2 orcs
  3 kobolds (D:7)
  4 fungi (Lair:1)
  19 plants (Lair:1)
71 creatures vanquished.

Grand Total: 415 creatures vanquished

Notes
Turn   | Place    | Note
-------+----------+-------------------------------------------
     0 | D:1      | cforsyth the Ogre Summoner began the quest for the Orb.
     0 | D:1      | Reached XP level 1. HP: 16/16 MP: 3/3
   114 | D:1      | Reached XP level 2. HP: 24/24 MP: 2/5
   232 | D:2      | Learned a level 2 spell: Call Imp
   243 | D:2      | Identified the +7 hand axe "Beastbane" {freeze, rC+ Dex+3
                  | Stlth+}
   259 | D:2      | Identified the +0 chain mail "Nilogh" {-Tele Regen+ Dex+3
                  | Slay+5}
   493 | D:1      | Reached XP level 3. HP: 11/31 MP: 0/7
  1261 | D:2      | Reached XP level 4. HP: 39/39 MP: 8/8
  1624 | D:3      | Learned a level 3 spell: Call Canine Familiar
  1628 | D:3      | Learned a level 3 spell: Summon Guardian Golem
  1684 | D:3      | Found a transporter.
  1934 | D:3      | Found a burning altar of Makhleb.
  1942 | D:3      | Found a glowing silver altar of Zin.
  1953 | D:3      | Reached XP level 5. HP: 42/45 MP: 5/10
  1998 | D:3      | Found a faded altar of an unknown god.
  2025 | D:3      | Found a glowing drain.
  2037 | Sewer    | Entered a sewer
  2119 | Sewer    | Reached skill level 1 in Hexes
  2323 | Sewer    | Found a viscous altar of Jiyva.
  2466 | Sewer    | Reached XP level 6. HP: 53/53 MP: 2/11
  2878 | D:3      | You fall into a shaft and drop 2 floors!
  2878 | D:5      | Entered Level 5 of the Dungeon
  2882 | D:5      | Noticed a black bear
  2895 | D:5      | Killed a black bear
  3122 | D:5      | Found a staircase to the Ecumenical Temple.
  3128 | Temple   | Entered the Ecumenical Temple
  3133 | Temple   | Became a worshipper of Gozag Ym Sagoz the Greedy
  3275 | D:4      | Reached XP level 7. HP: 59/59 MP: 8/13
  3280 | D:4      | Found an ornate altar of the Wu Jian Council.
  3482 | D:3      | Found a transporter.
  3488 | D:3      | Found a one-way gate to the infinite horrors of the Abyss.
  3488 | D:3      | Noticed sjgraves's ghost (amateur DsGl)
  3781 | D:3      | Noticed an angel
  3782 | D:3      | Noticed a cacodemon
  4115 | D:4      | Learned a level 4 spell: Summon Lightning Spire
  4376 | D:4      | Reached skill level 5 in Summonings
  4381 | D:4      | Reached skill level 1 in Air Magic
  5351 | D:5      | Reached skill level 5 in Spellcasting
  5351 | D:5      | Reached XP level 8. HP: 67/67 MP: 12/15
  6542 | D:6      | Found a sand-covered staircase.
  6543 | D:6      | Noticed Prince Ribbit
  6578 | D:6      | Killed Prince Ribbit
  6579 | D:6      | Reached XP level 9. HP: 74/74 MP: 9/18
  6631 | Ossuary  | Entered an ossuary
  7763 | D:7      | Found a blossoming altar of Fedhas.
  7764 | D:7      | Found a glowing golden altar of the Shining One.
  7766 | D:7      | Found a sacrificial altar of Ru.
  7767 | D:7      | Found a stormy altar of Qazlal.
  7811 | D:7      | Noticed a kobold demonologist
  7813 | D:7      | Noticed an orange demon
  8016 | D:7      | Killed a kobold demonologist
  8074 | D:7      | Noticed Menkaure
  8444 | D:7      | Found Gumn's CLEARANCE SALE!.
  8473 | D:7      | Killed Menkaure
  8474 | D:7      | Reached XP level 10. HP: 43/81 MP: 12/23
  9061 | D:7      | Found a hide-covered altar of Uskayaw.
  9172 | D:8      | Noticed Grum
  9214 | D:8      | Killed Grum
  9262 | D:8      | Noticed Maurice
  9339 | D:8      | Killed Maurice
  9636 | D:8      | Reached skill level 10 in Spellcasting
  9983 | D:8      | Found a staircase to the Lair.
 10489 | D:8      | Got Niovoig's Monograph on Flashy Rallying
 10993 | Lair:1   | Entered Level 1 of the Lair of Beasts
 11020 | Lair:1   | Noticed a black mamba
 11028 | Lair:1   | Killed a black mamba
 11093 | Lair:1   | Noticed an eight-headed hydra
 11102 | Lair:1   | Killed an eight-headed hydra
 11103 | Lair:1   | Reached skill level 10 in Summonings
 11103 | Lair:1   | Reached XP level 11. HP: 88/88 MP: 19/26
 11933 | Lair:1   | Noticed a seven-headed hydra
 11940 | Lair:1   | Killed a seven-headed hydra
 12052 | Lair:1   | Bought a Fen Folio for 546 gold pieces
 12058 | Lair:1   | Learned a level 5 spell: Summon Forest
 12236 | D:9      | Reached skill level 1 in Fighting
 12951 | D:9      | Found a staircase to the Orcish Mines.
 13660 | D:10     | Entered Level 10 of the Dungeon
 13898 | D:10     | Noticed Snorg
 13911 | D:10     | Killed Snorg
 13912 | D:10     | Reached skill level 5 in Fighting
 13912 | D:10     | Reached skill level 5 in Dodging
 14173 | D:10     | Found a shadowy altar of Dithmenos.
 14229 | D:10     | Noticed Maggie
 14244 | D:10     | Killed Maggie
 15095 | D:11     | Reached XP level 12. HP: 96/113 MP: 22/28
 15157 | D:11     | Noticed Erolcha
 15170 | D:11     | Paralysed by something for 3 turns
 15184 | D:11     | Killed Erolcha
 15217 | D:11     | Found Pumuulast's Distillery.
 15259 | D:11     | Noticed Harold
 15275 | D:11     | Killed Harold
 15495 | D:11     | Found Ohiown's Weapon Boutique.
 15566 | D:11     | Noticed Nergalle
 15577 | D:11     | Killed Nergalle
 16316 | D:12     | Identified the +3 leather armour of Wu Jian's Castigation
                  | {rF+}
 16760 | D:12     | Noticed a two-headed ogre
 16775 | D:12     | Killed a two-headed ogre
 17766 | Lair:1   | Slain by a blink frog

Illustrated notes

Levels and vault maps discovered:
D:1:      nzn_arrival_settlement, layout_basic, minmay_heptomino_h4
D:2:      layout_rooms, minmay_misc_feat_tiny
D:3:      layout_basic, grunt_temple_overflow_order_and_chaos_2,
          chequers_ecumenical_altar_island, gammafunk_ghost_abyssal_escape,
          serial_corexii_hall, chequers_hall_statues_wall_a,
          chequers_hall_statues_corner_a, corexii_hall_statues_x,
          corexii_hall_statues_l, portal_sewer_entry_b
D:4:      layout_basic, mainiacjoe_overflow_tiny_flanked
D:5:      layout_basic, minmay_temple_entry_butterflies
D:6:      layout_loops_ring, enter_ossuary_4, due_unseen_surprise,
          uniq_prince_ribbit1
D:7:      layout_basic, nicolae_uskayaw_dance_hall, minitemple,
          nicolae_shop_clearance, uniq_menkaure
D:8:      layout_loops_ring, lair_entry_dummy, uniq_maurice, uniq_grum
D:9:      layout_rooms, erik_orc_4, roderic_serpentine_path
D:10:     layout_loops_ring, nicolae_dithmenos_the_darkroom, uniq_snorg,
          uniq_maggie
D:11:     layout_roguey, serial_shops, shop, minivault_26,
          kennysheep_cluttered_room, nicolae_stop_n_shop_1, uniq_nergalle,
          uniq_erolcha, uniq_harold
D:12:     layout_basic
Temple:   nicolae_temple_ecumenical_triangle
Lair:1:   layout_gridlike, minmay_shattered_shrine, serial_bayou_shore_b,
          infiniplex_staircase_pool

Skill      XL: |  1  2  3  4  5  6  7  8  9 10 11 12 |
---------------+-------------------------------------+-----
Dodging        | 2 3 5 7 |  7.3
Spellcasting   | 3 4 5 6 9 11 12 | 12.0
Stealth        | 2 3 |  3.1
Summonings     | 4 5 6 8 10 11 12 | 12.3
Hexes          | 1 2 3 4 |  4.0
Air Magic      | 1 3 4 |  4.0
Fighting       | 5 9 |  9.0

Action                     |  1- 3 |  4- 6 |  7- 9 | 10-12 || total
---------------------------+-------+-------+-------+-------++-------
  Melee: Unarmed           |     4 |       |       |       ||     4
         Hand axe          |    23 |    41 |    83 |    73 ||   220
         Punch             |       |       |     1 |     1 ||     2
   Cast: Summon Small Mamm |    31 |    27 |    48 |    26 ||   132
         Call Imp          |    12 |    13 |    25 |    15 ||    65
         Call Canine Famil |       |    13 |    37 |    58 ||   108
         Summon Guardian G |       |     1 |    16 |    55 ||    72
         Summon Lightning  |       |       |     7 |    33 ||    40
         Summon Forest     |       |       |       |     1 ||     1
 Invoke: Call Merchant     |       |       |       |     2 ||     2
    Use: Scroll            |       |     7 |    13 |     6 ||    26
   Stab: Sleeping          |     5 |     5 |     2 |     3 ||    15
         Distracted        |       |       |     1 |     1 ||     2
 Armour: Robe              |    32 |    14 |    34 |    77 ||   157
  Dodge: Dodged            |    44 |    44 |    56 |   102 ||   246

Table legend: (Time is in decaauts)
 A = Elapsed time spent in this place.
 B = Non-inter-level travel time spent in this place.
 C = Inter-level travel time spent in this place.
 D = Time resting spent in this place.
 E = Time spent auto-exploring this place.
 F = Levels seen in this place.
 G = Mean time per level.
                   A        B        C        D        E       F      G
               +--------+--------+--------+--------+--------+-----+--------+
         Total |  17835 |  17387 |    448 |   3354 |   9222 |  16 | 1114.7 |
       Dungeon |  15332 |  14938 |    394 |   2546 |   8494 |  12 | 1277.7 |
        Temple |     10 |      5 |      5 |      0 |      0 |   1 |   10.0 |
          Lair |   1443 |   1395 |     48 |    762 |    327 |   1 | 1443.0 |
         Sewer |    534 |    534 |      0 |     46 |    240 |   1 |  534.0 |
       Ossuary |    513 |    513 |      0 |      0 |    161 |   1 |  513.0 |
               +--------+--------+--------+--------+--------+-----+--------+

Top non-repeatable levels by time:
     D:8: 2009 daAuts
     D:5: 1739 daAuts
    D:11: 1455 daAuts
  Lair:1: 1443 daAuts
     D:9: 1418 daAuts
     D:6: 1340 daAuts
     D:3: 1296 daAuts
    D:10: 1233 daAuts
     D:7: 1139 daAuts
    D:12: 1112 daAuts
     D:1: 1058 daAuts
     D:4: 1006 daAuts
   Sewer: 534 daAuts
     D:2: 522 daAuts
 Ossuary: 513 daAuts
